 Dungeon Crawl Stone Soup version 0.28-a0-804-g60983d4ba9 (webtiles) character file.

Game seed: 6324321969245501477

65 vurker the Chiller (level 4, -3/38 HPs)
             Began as a Naga Ice Elementalist on Nov 7, 2021.
             Slain by Crazy Yiuf (20 damage)
             ... on level 2 of the Dungeon.
             The game lasted 00:02:39 (2748 turns).

vurker the Chiller (Naga Ice Elementalist)          Turns: 2748, Time: 00:02:40

Health: -3/38      AC:  4    Str: 10    XL:     4   Next: 13%
Magic:  4/8        EV: 10    Int: 16    God:
Gold:   128        SH:  0    Dex: 12    Spells: 4/8 levels left

rFire   . . .      SeeInvis +   (no weapon)
rCold   . . .      Faith    .   (no shield)
rNeg    . . .      Spirit   .   a - +0 robe
rPois   +          Reflect  .   j - +0 helmet
rElec   .          Harm     .   c - +0 cloak
rCorr   .          Rampage  .   (no gloves)
Will    .....                   (no barding)
Stlth   ++........              (no amulet)
HPRegen 0.12/turn               (no ring)
MPRegen 0.11/turn               (no ring)

@: short of breath, freezing walls, very slow
A: AC +1, large, see invisible, deformed body, poison resistance, slowness 2,
spit poison 1, naga tail 1
a: Spit Poison


You were on level 2 of the Dungeon.
You visited 1 branch of the dungeon, and saw 2 of its levels.

You collected 128 gold pieces.

Inventory:

Armour
 a - a +0 robe (worn)
 c - a +0 cloak (worn)
   (You found it on level 1 of the Dungeon)
 j - a +0 helmet (worn)
   (You found it on level 2 of the Dungeon)
Wands
 t - a wand of flame (17)
   (You found it on level 2 of the Dungeon)
Scrolls
 d - a scroll of fog {unknown}
 e - a scroll of magic mapping {unknown}
 f - 2 scrolls of identify {unknown}
 i - a scroll of summoning {unknown}
 l - a scroll of immolation {unknown}
 m - a scroll of teleportation {unknown}
Potions
 b - a potion of curing {unknown}
 g - a potion of degeneration {unknown}
 h - a potion of attraction {unknown}
 k - 2 potions of heal wounds {unknown}


   Skills:
 + Level 1.4 Fighting
 - Level 1.5 Dodging
 - Level 3.0 Stealth
 * Level 2.9 Spellcasting
 * Level 4.6 Ice Magic


You had 4 spell levels left.
You knew the following spells:

 Your Spells              Type           Power      Damage    Failure   Level
a - Freeze                Ice            68%        1d8       2%          1
b - Frozen Ramparts       Ice            34%        1d5       9%          3

Your spell library contained the following spells:

 Spells                   Type           Power      Damage    Failure   Level
 Ozocubu's Armour         Ice            17%        N/A       9%          3
 Hailstorm                Conj/Ice       9%         3d4       58%         4


Dungeon Overview and Level Annotations

Branches:
Dungeon (2/15)

Altars:

Annotations:
D:2 Crazy Yiuf


Innate Abilities, Weirdness & Mutations

Your serpentine skin is tough. (AC +1)
You have supernaturally acute eyesight. (SInv)
Armour fits poorly on your strangely shaped body.
Your system is resistant to poisons. (rPois)
You cover ground very slowly.
You can spit poison.
You have a snake-like lower body.


Message History

Found 17 gold pieces.
Found a robe.
You now have 128 gold pieces (gained 17).
Found a stone staircase leading down.
You see here a +0 robe.
You see here a +0 scale mail.
You see here a +0 club.
A quokka comes into view.
A quokka is nearby!
A quokka is nearby!
A quokka is nearby!
No target in view!
No target in view!
No target in view!
You see here a +0 leather armour.
You see here a ball python skeleton.
Could not explore, unopened runed door.
Could not explore, unopened runed door.
You open the door. What are your orders? t - Shout!
Orders for allies: a - Attack new target. r - Retreat! s - Stop attacking. g - Guard the area. f - Follow me.
Anything else - Cancel.
You shout for attention!
Crazy Yiuf shouts!
Crazy Yiuf says, "I'm not crazy!"
Crazy Yiuf laughs, "Ice meccalolo tortoise!"
Crazy Yiuf hits you with a +3 quarterstaff of chaos!
Crazy Yiuf burns you.
Crazy Yiuf screams, "Island Orb Guardian shoe!"
Crazy Yiuf waves his quarterstaff at you.
Crazy Yiuf closely misses you.
The walls around you are covered in ice.
The wall freezes Crazy Yiuf.
Crazy Yiuf grits, "Candle!"
Crazy Yiuf completely misses you.
Aim: Crazy Yiuf, wielding a +3 quarterstaff of chaos and wearing a +0 cloak (lightly wounded)
The splash of poison hits Crazy Yiuf!
Crazy Yiuf is poisoned.
The wall freezes Crazy Yiuf.
Crazy Yiuf hits you with a +3 quarterstaff of chaos!
* * * LOW HITPOINT WARNING * * *
Crazy Yiuf draws strength from your wounds!
Aim: Crazy Yiuf, wielding a +3 quarterstaff of chaos and wearing a +0 cloak (lightly wounded, poisoned)
You freeze Crazy Yiuf.
The wall freezes Crazy Yiuf.
Crazy Yiuf hits you with a +3 quarterstaff of chaos.
* * * LOW HITPOINT WARNING * * *
You are electrocuted!!
Ouch! That really hurt!
You die...

# ### ♣♣#### #)..#♣♣
♣♣....##
#...'g♣♣♣♣......#
#...#♣..♣.......# #
### ♣♣♣.♣....#.# #
♣♣♣♣♣##g.# # #@##
####### ### ##.#
#.##.# #.# #..#
##.##.# #.# #.##
#..##.# #.# #.#
#.###.###.# ###.#
#.###.....###...####
...................#
#...#..######.####.#


You could see Crazy Yiuf (poisoned).

Vanquished Creatures
  2 dart slugs
  11 ball pythons
  4 endoplasms
  2 giant cockroaches (D:2)
  4 goblins
  4 hobgoblins
  6 jackals
  4 kobolds
  5 quokkas
  4 bats (D:1)
  A frilled lizard (D:2)
  5 rats
52 creatures vanquished.

Notes
Turn   | Place    | Note
-------+----------+-------------------------------------------
     0 | D:1      | vurker the Naga Ice Elementalist began the quest for the
                  | Orb.
     0 | D:1      | Reached XP level 1. HP: 15/15 MP: 3/3
   387 | D:1      | Reached XP level 2. HP: 14/24 MP: 1/5
   970 | D:1      | Reached XP level 3. HP: 30/30 MP: 3/6
  1056 | D:1      | Found a faded altar of an unknown god.
  1178 | D:1      | Reached skill level 1 in Fighting
  1856 | D:2      | Learned a level 3 spell: Frozen Ramparts
  2220 | D:2      | Reached XP level 4. HP: 38/38 MP: 5/8
  2429 | D:2      | Found a runed translucent door.
  2430 | D:2      | Noticed Crazy Yiuf
  2748 | D:2      | Slain by Crazy Yiuf

Illustrated notes

Levels and vault maps discovered:
D:1:      onia_arrival_pyramid, layout_basic,
          dreamdust_ecumenical_altar_hidden_monk_grotto
D:2:      layout_loops_ring, due_unseen_surprise, uniq_crazy_yiuf_cottage

Skill      XL: |  1  2  3 |
---------------+----------+-----
Fighting       | 1 |  1.4
Dodging        | |  1.5
Stealth        | |  3.0
Spellcasting   | |  2.9
Ice Magic      | |  4.6

Action                   |  1- 3 |  4- 6 || total
-------------------------+-------+-------++-------
Melee: Unarmed           |    23 |     3 ||    26
 Cast: Freeze            |    59 |     9 ||    68
       Frozen Ramparts   |     1 |     1 ||     2
 Abil: Spit Poison       |       |     1 ||     1
 Stab: Sleeping          |     4 |       ||     4
Armor: Robe              |    17 |     2 ||    19
Dodge: Dodged            |    32 |     7 ||    39

Table legend: (Time is in decaauts)
 A = Elapsed time spent in this place.
 B = Non-inter-level travel time spent in this place.
 C = Inter-level travel time spent in this place.
 D = Time resting spent in this place.
 E = Time spent auto-exploring this place.
 F = Levels seen in this place.
 G = Mean time per level.
                   A        B        C        D        E       F      G
               +--------+--------+--------+--------+--------+-----+--------+
         Total |   3387 |   3375 |     12 |      0 |   2959 |   2 | 1693.5 |
       Dungeon |   3387 |   3375 |     12 |      0 |   2959 |   2 | 1693.5 |
               +--------+--------+--------+--------+--------+-----+--------+

Top non-repeatable levels by time:
     D:1: 2045 daAuts
     D:2: 1342 daAuts
